 Dungeon Crawl Stone Soup version 0.13.0-13-g27bfa31 (webtiles) character file.

88 Malachi the Grave Robber (level 2, -1/20 HPs)
             Began as a Demigod Necromancer on Oct 19, 2013.
             Slain by a jackal (2 damage)
             ... on Level 2 of the Dungeon.
             The game lasted 00:02:13 (1250 turns).

Malachi the Grave Robber (Demigod Necromancer)      Turns: 1250, Time: 00:02:13

HP  -1/20        AC  2     Str 11      XL: 2   Next: 90%
MP   6/6         EV 12     Int 19      God:
Gold 57          SH  0     Dex 17      Spells:  2 memorised,  0 levels left

Res.Fire  : . . .   See Invis. : .   m - +0 mace
Res.Cold  : . . .   Warding    : .   a - +0 robe
Life Prot.: . . .   Conserve   : .   (no shield)
Res.Poison: .       Res.Corr.  : .   (no helmet)
Res.Elec. : .       Clarity    : .   (no cloak)
Sust.Abil.: . .     Spirit.Shd : .   (no gloves)
Res.Mut.  : .       Stasis     : .   (no boots)
Res.Rott. : .       Flight     : .   (no amulet)
Saprovore : . . .                    (no ring)
                                     (no ring)

@: not resistant to hostile enchantments, fairly stealthy
A: no striking features
a: no special abilities


You were on level 2 of the Dungeon.
You were hungry.

You visited 1 branch of the dungeon, and saw 2 of its levels.

You collected 37 gold pieces.

Inventory:

Hand weapons
 e - a +2,+0 elven short sword
 k - a +0,+0 falchion
 l - a +0,+0 spear (quivered)
 m - a +0,+0 mace (weapon)
Armour
 a - a +0 robe (worn)
Comestibles
 c - a bread ration
 f - a beef jerky
Scrolls
 d - a scroll of enchant weapon I {unknown}
 g - a scroll of identify {unknown}
 h - a scroll of teleportation {unknown}
 o - a scroll of curse weapon {unknown}
Potions
 i - a potion of restore abilities {unknown}
 j - a potion of speed {unknown}
 n - a potion of curing {unknown}
Books
 b - a book of Necromancy

   Spells                             Type                      Level
   *Pain                              Necromancy                   1
   Animate Skeleton                   Necromancy                   1
   *Lethal Infusion                   Charms/Necromancy            2
   Vampiric Draining                  Necromancy                   3
   Regeneration                       Charms/Necromancy            3
   Animate Dead                       Necromancy                   4
   Control Undead                     Necromancy                   4


   Skills:
 * Level 0.1 Maces & Flails
 - Level 1.7 Dodging
 - Level 1.7 Stealth
 - Level 1.0 Spellcasting
 * Level 4.5 Necromancy


You couldn't memorise any spells.
You knew the following spells:

 Your Spells              Type           Power        Failure   Level  Hunger
a - Pain                  Necr           ###.         3%          1    ##.....
b - Lethal Infusion       Chrm/Necr      #.........   12%         2    ###....


Dungeon Overview and Level Annotations

Branches:
Dungeon (2/27)


Message History

There are no items here.
The jackal bites you but does no damage.
The jackal closely misses you. The jackal bites you.
* * * LOW HITPOINT WARNING * * *
The jackal barely misses you. The jackal bites you.
* * * LOW HITPOINT WARNING * * *
The jackal closely misses you.
You are feeling hungry.
You miss the jackal. The jackal barely misses you.
The jackal barely misses you.
You closely miss the jackal.
The jackal bites you but does no damage.
You closely miss the jackal. The jackal bites you.
* * * LOW HITPOINT WARNING * * *
The jackal bites you.
* * * LOW HITPOINT WARNING * * *
Your uncursed mace stops crackling.
The jackal bites you.
You die...

##.#.# .# #########
...#.##.####.......########
...................#......#
......#.# #.(.....#.####.#
........## #...<...#.# #.#
.⌠.......# #.......#.# #.#
......##.# #.........# #.#
..._.....# #.......### #.#
..)......# #####@########.##
.........# ###hh..........#
.#.......# #.....##.......#
....##...####h....##..%....#
....##............##...<...#
...###...####.....##.......#
.#####.###
#.....##.......######
.......#
##.#####............#
######.#
###[#................#


You could see 3 jackals.

Vanquished Creatures
  An adder (D:2)
  A worm (D:2)
  A giant gecko (D:1)
  2 bats (D:2)
  2 goblins (D:1)
  3 hobgoblins
  A jackal (D:2)
  A giant cockroach (D:1)
  4 kobolds (D:1)
16 creatures vanquished.

Notes
Turn   | Place    | Note
--------------------------------------------------------------
     0 | D:1      | Malachi, the Demigod Necromancer, began the quest for the Orb.
     0 | D:1      | Reached XP level 1. HP: 14/14 MP: 5/5
   255 | D:1      | Found an iron altar of Okawaru.
   476 | D:1      | Reached skill level 4 in Necromancy
   632 | D:1      | Reached XP level 2. HP: 17/20 MP: 2/6
   917 | D:1      | Learned a level 2 spell: Lethal Infusion
  1167 | D:2      | Found a deep blue altar of Sif Muna.
  1171 | D:2      | Found a shattered altar of Ashenzari.
  1244 | D:2      | HP: 1/20 [jackal (2)]
  1250 | D:2      | Slain by a jackal

Action                   || total
-------------------------++-------
Melee: Mace              ||    25
 Cast: Pain              ||    14
       Lethal Infusion   ||     2
